AoeStats
← Jakobob

Arabia

508233644Analyzed
1v1 RM · 11d ago on Sep 21, 2026· 36m 55s· 2 players
Game mode
Random Map
Map size
Tiny (2 player)
Population
200
Speed
Normal
Resources
Standard
Victory
Conquest
Starting age
Dark Age
Ending age
Imperial Age
RankedLock teamsTeams togetherTeam positionsShared explorationLock speedFull tech treeHidden civsTurbo modeCheats
Victory
Defeat
🇻🇳 Britons · Vietnam
744
+16
🇩🇪 Franks · Germany
739
-19
Jakobob
6:51 Loom
11:52 Feudal Age
13:18 Wheelbarrow
13:34 Double-Bit Axe
16:06 Scale Barding Armor
17:51 Forging
27:03 Castle Age
29:52 Iron Casting
29:58 Husbandry
30:28 Hand Cart
30:07 Gold Mining
dinhdoan1986
10:57 Feudal Age
9:12 Loom
11:26 Double-Bit Axe
11:43 Horse Collar
17:11 Fletching
17:22 Scale Mail Armor
24:08 Castle Age
24:15 Crossbowman
24:54 Bodkin Arrow
25:01 Padded Archer Armor
25:56 Wheelbarrow
25:21 Pikeman
26:38 Ballistics
27:11 Squires
28:23 Town Watch
29:11 Leather Archer Armor
29:27 Hand Cart
30:44 Town Patrol
31:06 Gold Mining
31:07 Stone Mining
36:39 Imperial Age
36:44 Arbalester
38:35 Chemistry
Connection lost

Rejoining the realm…

Still unreachable

The connection could not be restored.

Session expired

The server has moved on; the page needs a fresh start.